 Dungeon Crawl Stone Soup version 0.27-a0-1188-g73eefd5def (webtiles) character file.

Game seed: 9404313146696005559

0 chippings the Sneak (level 1, 12/18 HPs)
             Began as a Mummy Delver on May 20, 2021.
             Quit the game on level 5 of the Dungeon.
             The game lasted 00:00:28 (81 turns).

chippings the Sneak (Mummy Delver)                    Turns: 81, Time: 00:00:29

Health: 12/18      AC:  3    Str: 15    XL:     1   Next: 0%
Magic:  1/1        EV: 11    Int:  9    God:
Gold:   1          SH:  0    Dex: 13    Spells: 0/0 levels left

rFire    x . .     SeeInvis .   a - +0 mace
rCold    + . .     Faith    .   (no shield)
rNeg     + + +     Spirit   .   b - +0 leather armour
rPois    ∞         Reflect  .   (no helmet)
rElec    .         Harm     .   (no cloak)
rCorr    .         Rampage  .   (no gloves)
Will     .....                  (no boots)
Stlth    ++........             (no amulet)
HPRegen  0.06/turn              (no ring)
MPRegen  0.07/turn              (no ring)

@: no status effects
A: cold resistance 1, negative energy resistance 3, torment resistance 2, heat
vulnerability 1, no potions
a: no special abilities


You were on level 5 of the Dungeon.
You visited 1 branch of the dungeon, and saw 1 of its levels.

You collected 1 gold pieces.

Inventory:

Hand Weapons
 a - a +0 mace (weapon)
Armour
 b - a +0 leather armour (worn)
Wands
 f - a wand of digging (2)
Scrolls
 c - a scroll of fog
 d - a scroll of magic mapping
 g - a scroll of identify {unknown}
 h - a scroll of enchant weapon {unknown}


   Skills:
 + Level 3.0 Fighting
 + Level 1.5 Maces & Flails
 + Level 1.5 Dodging
 + Level 4.1 Stealth


You couldn't memorise any spells.
You didn't know any spells.
Your spell library was empty.

Dungeon Overview and Level Annotations

Branches:
Dungeon (5/15)
 Temple: D:4-7

Altars:

Annotations:
D:5 Ijyb, Pikel


Innate Abilities, Weirdness & Mutations

You are immune to poison.
Your flesh is cold resistant. (rC+)
You are immune to negative energy. (rN+++)
You are immune to unholy pain and torment.
You are vulnerable to heat. (rF-)
You do not drink.


Message History

Found a scroll labelled FISTIDW XU HET.
Found a gold piece.
g - a scroll labelled RAM TOWNIMIBAU A kobold and a kobold brigand come into view.
The kobold brigand is wielding a +0 dagger and quivering curare-tipped darts.
The kobold throws a stone.
The stone hits you but does no damage.
You see here a scroll labelled FISTIDW XU HET.
h - a scroll labelled FISTIDW XU HET The kobold brigand shouts!
The kobold brigand throws a curare-tipped dart.
The curare-tipped dart closely misses you.
A kobold comes into view. It is wielding a +0 whip.
You see here a gold piece.
You now have 1 gold piece.
The scorpion closely misses you. x2
Okay, then.
The kobold throws a stone.
The stone closely misses you. The scorpion closely misses you.
As you read the scroll of fear, it crumbles to dust.
You assume a fearsome visage.
The scorpion looks frightened!
The kobold brigand looks frightened!
The kobold looks frightened!
You hear the slow hiss of a very distant avalanche of sand.
Found an escape hatch in the floor.
A lemure comes into view.
The lemure shouts!
You hear a shout!
Ijyb the Twisted Goblin comes into view.
She is wielding a +4 club and carrying a wand of mindburst (10).
Ijyb shouts!
A lemure comes into view.
Found a fuming red potion.
Pikel the Slaver comes into view.
He is wielding a +1 whip of freezing, wearing a +1 robe of positive energy and carrying a wand of acid (7).
Pikel moves out of view.
A lemure comes into view.
Aiming: Dig
Press: ? - help, Shift-Dir - straight line A rock wall.
The rock shatters into small pieces.
The lemure closely misses you. Ijyb hits you with a +4 club.
You hit Pikel but do no damage. The lemure closely misses you.
Pikel hits you with a +1 whip of freezing.
Okay, then.
Are you sure you want to abandon this character and quit the game? (Confirm with "yes".)

.#. #.# ...
#.# .. #.# #
....#.# .#.#.
... #K# ...#@#
#..#5# #
#.5#g#
#.##..#5##
.........#
####..##.#
######..##.#
...........#
##..#..#######


You could see Pikel, 2 lemures and Ijyb.

Vanquished Creatures (others)
  2 fungi (D:5)
  A toadstool (D:5)
3 creatures vanquished.

Notes
Turn   | Place    | Note
-------+----------+-------------------------------------------
     0 | D:5      | chippings the Mummy Delver began the quest for the Orb.
     0 | D:5      | Reached XP level 1. HP: 18/18 MP: 1/1
     1 | D:5      | Noticed a scorpion
    15 | D:5      | Noticed a kobold brigand
    67 | D:5      | Noticed a lemure
    68 | D:5      | Noticed Ijyb
    68 | D:5      | Noticed a lemure
    69 | D:5      | Noticed Pikel
    73 | D:5      | Noticed a lemure
    81 | D:5      | Quit the game

Illustrated notes

Levels and vault maps discovered:
D:5:      layout_basic, nicolae_ossuary_entry_giza, minmay_gold_behind_fungi,
          st_stairs_13, minmay_crystal_room, uniq_pikel, uniq_grinder,
          uniq_ijyb, uniq_blork_the_orc

Action                   || total
-------------------------++-------
Melee: Mace              ||     2
Evoke: Wand              ||     1
  Use: Scroll            ||     1
Armor: Leather armour    ||     1
Dodge: Dodged            ||     7

Table legend: (Time is in decaauts)
 A = Elapsed time spent in this place.
 B = Non-inter-level travel time spent in this place.
 C = Inter-level travel time spent in this place.
 D = Time resting spent in this place.
 E = Time spent auto-exploring this place.
 F = Levels seen in this place.
 G = Mean time per level.
                   A        B        C        D        E       F      G
               +--------+--------+--------+--------+--------+-----+--------+
         Total |     81 |     81 |      0 |      0 |      0 |   1 |   81.0 |
       Dungeon |     81 |     81 |      0 |      0 |      0 |   1 |   81.0 |
               +--------+--------+--------+--------+--------+-----+--------+

Top non-repeatable levels by time:
     D:5: 81 daAuts
